 Dungeon Crawl Stone Soup version 0.20-a0-537-g052e6ba (webtiles) character file.

58 Klosterheim the Skirmisher (level 3, -7/34 HPs)
             Began as a Minotaur Fighter on Jan 27, 2017.
             Was an Initiate of Cheibriados.
             Mangled by Sigmund
             ... wielding a +0 scythe
              (12 damage)
             ... on level 2 of the Dungeon.
             The game lasted 00:01:36 (864 turns).

Klosterheim the Skirmisher (Minotaur Fighter)        Turns: 864, Time: 00:01:37

Health: -7/34      AC:  0    Str: 22    XL:     3   Next: 75%
Magic:  2/2        EV: 17    Int:  6    God:    Cheibriados [......]
Gold:   69         SH:  0    Dex: 15    Spells: 2/2 levels left

rFire    . . .     SeeInvis .   (weapon currently unavailable)
rCold    . . .     Gourm    .   (armour currently unavailable)
rNeg     . . .     Faith    .   (shield currently unavailable)
rPois    .         Spirit   .   (helmet currently unavailable)
rElec    .         Reflect  .   (cloak currently unavailable)
rCorr    .         Harm     .   (gloves currently unavailable)
MR       .....                  (boots currently unavailable)
Stlth    +.........             (no amulet)
Regen    0.2/turn               (ring currently unavailable)
                                (ring currently unavailable)

@: bat-form, flying, quick
A: (retaliatory headbutt), (horns 0)
a: Bend Time, Renounce Religion


You were on level 2 of the Dungeon.
You worshipped Cheibriados.
Cheibriados was noncommittal.
You were not hungry.
You were in bat-form.
You visited 1 branch of the dungeon, and saw 2 of its levels.

You collected 69 gold pieces.

Inventory:

Hand Weapons
 a - a +0 war axe (melded)
Armour
 b - a +0 scale mail (melded)
 c - a +0 shield (melded)
 k - a +0 pair of gloves (melded)
Scrolls
 e - 2 scrolls of immolation {unknown}
 j - a scroll of random uselessness {unknown}
 l - a scroll of amnesia {unknown}
 m - a scroll of fog {unknown}
 o - a scroll of identify {unknown}
 p - a scroll of fear {unknown}
Potions
 d - 2 potions of might
 h - a potion of mutation {unknown}
 i - a potion of curing {unknown}
Comestibles
 f - a bread ration
 g - 4 chunks of flesh
 n - a royal jelly


   Skills:
 + Level 4.4 Fighting
 * Level 4.2 Axes
 - Level 3.6 Armour
 - Level 3.7 Shields


You had 2 spell levels left.
You didn't know any spells.

Dungeon Overview and Level Annotations

Branches:
Dungeon (2/15)

Altars:
Cheibriados

Annotations:
D:2 Sigmund


Innate Abilities, Weirdness & Mutations

((You reflexively headbutt those who attack you in melee.))
((You have a pair of horns on your head.))


Message History

* * * LOW HITPOINT WARNING * * *
You miss something. Something hits you.
* * * LOW HITPOINT WARNING * * *
You closely miss something. Something hits you but does no damage.
You hit something. You headbutt something.
Something hits you but does no damage.
You miss something.
You hear a zap.
You turn into a bat.
Your +0 war axe melds into your body.
Your +0 pair of gloves melds into your body.
Your +0 shield melds into your body.
Your +0 scale mail melds into your body.
You hit something but do no damage.
You hear some strange, mumbled words.
Something tries to affect you, but you resist.
You hit something. Something hits you.
* * * LOW HITPOINT WARNING * * *
You barely miss something. You hit something but do no damage.
Something hits you!
You die...

#############
#.#...........#
#####.#.....b.....#
.....#......{......
###.....#..#.###..##
.......###)#.# .##
#.....#..#.. ..
#....(.##.## ..#
#.#..####.###...##<#
#.#.(...........##.#
#.##...#......# ...


There were no monsters in sight!

Vanquished Creatures
  2 worms (D:2)
  A dart slug (D:1)
  4 leopard geckos (D:1)
  2 bats (D:1)
  3 giant cockroaches
  7 goblins
  7 hobgoblins
  7 kobolds
  A quokka (D:2)
  2 frilled lizards (D:1)
  6 rats
42 creatures vanquished.

Notes
Turn   | Place    | Note
-------+----------+-------------------------------------------
     0 | D:1      | Klosterheim the Minotaur Fighter began the quest for the Orb.
     0 | D:1      | Reached XP level 1. HP: 19/19 MP: 0/0
    97 | D:1      | Reached XP level 2. HP: 19/27 MP: 1/1
   432 | D:1      | Reached XP level 3. HP: 31/34 MP: 2/2
   675 | D:2      | Found a snail-covered altar of Cheibriados.
   740 | D:2      | Became a worshipper of Cheibriados the Contemplative
   845 | D:2      | Noticed Sigmund
   864 | D:2      | Mangled by Sigmund

Vault maps used:
D:1:      dpeg_arrival_renting, minmay_misc_feat_enclosed
D:2:      grunt_temple_overflow_opulence, lemuel_round_altar,
          minmay_strange_pillars, uniq_sigmund

Skill      XL: |  1  2  3 |
---------------+----------+-----
Fighting       | 4 |  4.4
Axes           | 3 4 |  4.2
Armour         | |  3.6
Shields        | |  3.7

Action                   || total
-------------------------++-------
Melee: War axe           ||    85
       Headbutt          ||    15
       Unarmed           ||     4
Armor: Scale mail        ||    27
Dodge: Dodged            ||    28
Block: Shield            ||    46
